 Dungeon Crawl Stone Soup version 0.28.0-53-g5a82cb258f (webtiles) character file.

Game seed: 4145969593658138709

248 pkoi the Digger (level 5, 0/38 HPs)
             Began as a Demigod Earth Elementalist on June 2, 2022.
             Slain by a centaur (6 damage)
             ... on level 6 of the Dungeon.
             The game lasted 00:04:31 (5140 turns).

pkoi the Digger (Demigod Earth Elementalist)        Turns: 5140, Time: 00:04:32

Health: 0/38       AC:  2    Str:  9    XL:     5   Next: 55%
Magic:  10/10      EV: 12    Int: 21    God:
Gold:   98         SH:  0    Dex: 14    Spells: 4/8 levels left

rFire   . . .      SeeInvis .   m - +2 dagger (venom)
rCold   . . .      Faith    .   (no shield)
rNeg    . . .      Spirit   .   b - +0 robe
rPois   .          Reflect  .   (no helmet)
rElec   .          Harm     .   (no cloak)
rCorr   .          Rampage  .   (no gloves)
Will    .....                   (no boots)
Stlth   ++........              g - amulet of magic regeneration
HPRegen 0.12/turn               (no ring)
MPRegen 0.52/turn               (no ring)

@: no status effects
A: high MP 1, forlorn, divine attributes
a: no special abilities


You were on level 6 of the Dungeon.
You visited 1 branch of the dungeon, and saw 4 of its levels.

You collected 98 gold pieces.

Inventory:

Hand Weapons
 d - a +0 short sword
 e - a +1 dagger of protection
 f - a +0 dagger
 m - a +2 dagger of venom (weapon)
Missiles
 c - 32 stones
Armour
 b - a +0 robe (worn)
Jewellery
 g - an amulet of magic regeneration (around neck)
Scrolls
 a - 2 scrolls of teleportation
 j - 2 scrolls of acquirement
 k - a scroll of magic mapping {unknown}
 l - a scroll of identify
 n - a scroll of fear {unknown}
 q - a scroll of silence {unknown}
Potions
 i - 2 potions of haste


   Skills:
 - Level 1.7 Dodging
 - Level 1.7 Stealth
 - Level 2.0 Spellcasting
 + Level 1.7 Conjurations
 - Level 0.8 Transmutations
 + Level 5.6 Earth Magic


You had 4 spell levels left.
You knew the following spells:

 Your Spells              Type           Power      Damage    Failure   Level
a - Sandblast             Erth           50%        2d12      1%          1
b - Stone Arrow           Conj/Erth      34%        3d9       10%         3

Your spell library contained the following spells:

 Spells                   Type           Power      Damage    Failure   Level
 Passwall                 Tmut/Erth      12%        N/A       6%          2
 Petrify                  Tmut/Erth      15%        N/A       36%         4


Dungeon Overview and Level Annotations

Branches:
Dungeon (3/15)


Innate Abilities, Weirdness & Mutations

You have an increased reservoir of magic. (+10% MP)
You shall have no god before yourself.
Your divine heritage dramatically boosts your attributes as you level up.


Message History

* * * LOW HITPOINT WARNING * * *
Aiming: Sandblast (safe; 1% risk of failure)
Press: ? - help, Q - select action, (/) - cycle Shift-Dir - straight line, f/p - kobold brigand
Aim: a kobold brigand, wielding a +0 club and quivering poisoned darts (almost dead, very poisoned, 76% to hit)
The blast of sand misses the kobold brigand.
The blast of sand hits the kobold!
You kill the kobold!
The kobold brigand hits you with a +0 club.
* * * LOW HITPOINT WARNING * * *
Aiming: Sandblast (safe; 1% risk of failure)
Press: ? - help, Q - select action, (/) - cycle Shift-Dir - straight line, f/p - kobold brigand
Aim: a kobold brigand, wielding a +0 club and quivering poisoned darts (almost dead, very poisoned, 76% to hit)
The blast of sand hits the kobold brigand.
You kill the kobold brigand!
Your Conjurations skill increases to level 1!
Aiming: Sandblast (safe; 1% risk of failure)
Press: ? - help, Q - select action, (/) - cycle Shift-Dir - straight line, f - kobold
Aim: a kobold, wielding a +0 club (76% to hit)
The blast of sand hits the kobold!
You kill the kobold!
Unknown command.
You hit the kobold.
You kill the kobold!
Items here: ( ))) †.
You start resting.
Magic restored.
You start resting.
A centaur comes into view.
A centaur is nearby!
A centaur is nearby!
You start resting.
A centaur is nearby!
Items here: ( ))) †.
The centaur shouts!
The centaur hits you.
* * * LOW HITPOINT WARNING * * *
The centaur kicks you.
* * * LOW HITPOINT WARNING * * *
The centaur hits you.
You die...

. #..#######
.......c.######
#......@).....#
...#####)####.#
#.# #.#
...........#
######.###.# #.
# #. #.


You could see a centaur.

Vanquished Creatures
  A kobold brigand (D:6)
  A water moccasin skeleton (D:6)
  An orc wizard (D:3)
  4 adders (D:2)
  An ufetubus (D:2)
  3 dart slugs
  4 orcs
  An endoplasm (D:3)
  3 giant cockroaches
  5 goblins
  2 hobgoblins
  2 jackals (D:1)
  A quokka (D:2)
  2 ball pythons
  6 bats
  4 frilled lizards
  11 kobolds
  5 rats
57 creatures vanquished.

Notes
Turn   | Place    | Note
-------+----------+-------------------------------------------
     0 | D:1      | pkoi the Demigod Earth Elementalist began the quest for the
                  | Orb.
     0 | D:1      | Reached XP level 1. HP: 14/14 MP: 5/5
   247 | D:1      | Reached skill level 3 in Earth Magic
   456 | D:1      | Reached XP level 2. HP: 20/20 MP: 0/7
  1045 | D:1      | Identified a scroll of acquirement
  2017 | D:2      | Reached skill level 4 in Earth Magic
  2017 | D:2      | Reached XP level 3. HP: 26/26 MP: 5/8
  4103 | D:3      | Reached XP level 4. HP: 17/33 MP: 9/9
  4742 | D:3      | Reached skill level 5 in Earth Magic
  5074 | D:3      | Learned a level 3 spell: Stone Arrow
  5097 | D:3      | You fall into a shaft and drop 3 floors!
  5109 | D:6      | Reached XP level 5. HP: 26/38 MP: 7/10
  5124 | D:6      | Reached skill level 1 in Conjurations
  5134 | D:6      | Noticed a centaur
  5140 | D:6      | Slain by a centaur

Illustrated notes

Levels and vault maps discovered:
D:1:      saegor_arrival_under_anarchy, layout_basic,
          chequers_ecumenical_altar_grove
D:2:      layout_loops_cross
D:3:      kennysheep_six_static_rooms, layout_basic, hex_medium,
          serial_bayou_ford_a
D:6:      layout_loops_ring, minmay_manual_maat

Skill      XL: |  1  2  3  4  5 |
---------------+----------------+-----
Earth Magic    | 3 4 5 |  5.6
Spellcasting   | 2 |  2.0
Conjurations   | 1 |  1.7
Dodging        | |  1.7
Stealth        | |  1.7
Transmutations | |  0.8

Action                   |  1- 3 |  4- 6 || total
-------------------------+-------+-------++-------
Melee: Unarmed           |     5 |       ||     5
       Dagger            |   116 |    27 ||   143
       Punch             |     1 |       ||     1
 Cast: Sandblast         |    31 |    15 ||    46
  Use: Scroll            |     2 |       ||     2
       Potion            |       |     3 ||     3
 Stab: Sleeping          |     5 |     1 ||     6
Armor: Robe              |    34 |     5 ||    39
Dodge: Dodged            |    94 |    30 ||   124
